MID
QUAD CITIES RIVER BANDITS @ LAKE COUNTY CAPTAINS
05/12/2044
 
TOP OF THE 1ST
Quad Cities River Bandits batting - Pitching for Lake County Captains : RHP Eugene Stott
Pitching: RHP Eugene Stott
Batting: LHB Kelvin Jones 0-0: Called Strike
0-1: Fly out, F8 (Line Drive, 8LM, EV 91.3 MPH)
Batting: LHB Dylan LaRose 0-0: Fly out, F8 (Flyball, 8RS, EV 76.3 MPH)
Batting: LHB Doug Anderson 0-0: Called Strike
0-1: DOUBLE (Line Drive, 5D, EV 106.3 MPH)
Batting: RHB Pete Isley 0-0: Ball
1-0: Foul Ball, location: 2F
1-1: Called Strike
1-2: Foul Ball, location: 2F
1-2: Fly out, F7 (Flyball, 7LS, EV 95.0 MPH)
Top of the 1st over - 0 runs, 1 hit, 0 errors, 1 left on base; Quad Cities 0 - Lake County 0
BOTTOM OF THE 1ST
Lake County Captains batting - Pitching for Quad Cities River Bandits : RHP Jayson Campbell
Pitching: RHP Jayson Campbell
Batting: LHB Tim Fuller 0-0: Ground out 4-3 (Groundball, 34D, EV 89.4 MPH)
Batting: LHB Yasuo Igarashi 0-0: Ball
1-0: Foul Ball, location: 2F
1-1: Ball
2-1: Called Strike
2-2: Ground out 1-3 (Groundball, 23, EV 70.0 MPH)
Batting: LHB Justin Rankin 0-0: Ball
1-0: Ball
2-0: Ball
3-0: Called Strike
3-1: Base on Balls
Batting: SHB Charlie Diesel 0-0: SINGLE (Line Drive, 7LM, EV 97.5 MPH)
Justin Rankin to second
Batting: RHB Adrian Martinelli 0-0: Ball
1-0: Ball
2-0: Ball
3-0: Called Strike
3-1: Base on Balls
Justin Rankin to third
Charlie Diesel to second
Batting: SHB Travis Burnett 0-0: Fly out, F9 (Line Drive, 9D, EV 101.3 MPH)
Bottom of the 1st over - 0 runs, 1 hit, 0 errors, 3 left on base; Quad Cities 0 - Lake County 0
TOP OF THE 2ND
Quad Cities River Bandits batting - Pitching for Lake County Captains : RHP Eugene Stott
Batting: RHB Raul Sanchez 0-0: Called Strike
0-1: Foul Ball, location: 2F
0-2: Ball
1-2: Foul Ball, location: 2F
1-2: Strikes out swinging
Batting: SHB Paskar Adegoke 0-0: Ball
1-0: Called Strike
1-1: Ball
2-1: Ball
3-1: Called Strike
3-2: Ground out 6-3 (Groundball, 6, EV 96.3 MPH)
Batting: RHB Jamie Jennings 0-0: Ball
1-0: Ball
2-0: Foul Ball, location: 2F
2-1: Swinging Strike
2-2: Foul Ball, location: 2F
2-2: Ball
3-2: Strikes out swinging
Top of the 2nd over - 0 runs, 0 hits, 0 errors, 0 left on base; Quad Cities 0 - Lake County 0
BOTTOM OF THE 2ND
Lake County Captains batting - Pitching for Quad Cities River Bandits : RHP Jayson Campbell
Batting: RHB Danny Millsaps 0-0: Called Strike
0-1: Swinging Strike
0-2: Strikes out swinging
Batting: LHB Danny Moreno 0-0: Ball
1-0: Ball
2-0: Called Strike
2-1: Swinging Strike
2-2: Strikes out looking
Batting: LHB Ubbe de Bruin 0-0: Called Strike
0-1: Foul Ball, location: 2F
0-2: Ball
1-2: Ball
2-2: Ball
3-2: Foul Ball, location: 2F
3-2: Foul Ball, location: 2F
3-2: Foul Ball, location: 2F
3-2: Ground out 1-3 (Groundball, 15S, EV 71.9 MPH)
Bottom of the 2nd over - 0 runs, 0 hits, 0 errors, 0 left on base; Quad Cities 0 - Lake County 0
TOP OF THE 3RD
Quad Cities River Bandits batting - Pitching for Lake County Captains : RHP Eugene Stott
Batting: RHB Colin Cranford 0-0: Called Strike
0-1: Ball
1-1: Called Strike
1-2: Ball
2-2: Ball
3-2: Foul Ball, location: 2F
3-2: Base on Balls
Batting: RHB Steve Moore 0-0: Called Strike
0-1: Foul Ball, location: 2F
0-2: Ball
1-2: Foul Ball, location: 2F
1-2: Fly out, F5 (Flyball, 5D, EV 92.5 MPH)
Batting: LHB Kelvin Jones 0-0: Ball
1-0: Called Strike
1-1: Called Strike
1-2: Ball
2-2: SINGLE (Groundball, P, EV 79.4 MPH) (infield hit)
Colin Cranford to second
Batting: LHB Dylan LaRose 0-0: Foul Ball, location: 2F
0-1: Fielders Choice at 2nd, 3-6 (Groundball, 34S, EV 83.8 MPH)
Colin Cranford to third
Batting: LHB Doug Anderson 0-0: Ball
1-0: Ball
2-0: Ball
3-0: Base on Balls
Dylan LaRose to second
Batting: RHB Pete Isley 0-0: Ball
1-0: Ball
2-0: SINGLE (Groundball, 34D, EV 106.3 MPH)
Colin Cranford scores
Dylan LaRose to third
Doug Anderson to second
Runner from 3rd tries for Home, SAFE, throw by RF to home
Batting: RHB Raul Sanchez 0-0: Foul Ball, location: 2F
0-1: Ball
1-1: Fielders Choice at 2nd, U6 (Groundball, 6M, EV 84.4 MPH)
Top of the 3rd over - 2 runs, 2 hits, 0 errors, 2 left on base; Quad Cities 2 - Lake County 0
BOTTOM OF THE 3RD
Lake County Captains batting - Pitching for Quad Cities River Bandits : RHP Jayson Campbell
Batting: LHB Tim Fuller 0-0: Called Strike
0-1: Fly out, F8 (Flyball, 8LD, EV 90.6 MPH)
Batting: LHB Yasuo Igarashi 0-0: Ball
1-0: Ball
2-0: Called Strike
2-1: Ball
3-1: Base on Balls
Batting: LHB Justin Rankin 0-0: Ball
1-0: Ball
Yasuo Igarashi steals 2nd, throwing error, E2
Yasuo Igarashi to third
2-0: Swinging Strike
2-1: Foul Ball, location: 2F
2-2: Ball
3-2: SINGLE (Groundball, 6D, EV 97.5 MPH)
Yasuo Igarashi scores
Batting: SHB Charlie Diesel 0-0: Swinging Strike
0-1: Ball
1-1: Ball
2-1: Ball
3-1: Foul Ball, location: 2F
3-2: Base on Balls
Justin Rankin to second
Batting: RHB Adrian Martinelli 0-0: Ball
1-0: Swinging Strike
1-1: Foul Ball, location: 2F
1-2: DOUBLE (Line Drive, 7LS, EV 98.1 MPH)
Justin Rankin scores
Charlie Diesel to third
Batting: SHB Travis Burnett 0-0: Called Strike
0-1: Fly out, F9 (Line Drive, 9, EV 104.4 MPH)
Lined into DP, 9-5 (Line Drive, 9, EV 104.4 MPH)
Bottom of the 3rd over - 2 runs, 2 hits, 1 error, 1 left on base; Quad Cities 2 - Lake County 2
TOP OF THE 4TH
Quad Cities River Bandits batting - Pitching for Lake County Captains : RHP Eugene Stott
Batting: SHB Paskar Adegoke 0-0: Ball
1-0: Ball
2-0: Called Strike
2-1: Foul Ball, location: 2F
2-2: Foul Ball, location: 2F
2-2: Strikes out swinging
Batting: RHB Jamie Jennings 0-0: Ball
1-0: Swinging Strike
1-1: Ball
2-1: Swinging Strike
2-2: SINGLE (Groundball, 56D, EV 95.0 MPH)
Batting: RHB Colin Cranford 0-0: Foul Ball, location: 2F
0-1: Grounds into double play, 6-4-3 (Groundball, 6, EV 93.1 MPH)
Top of the 4th over - 0 runs, 1 hit, 0 errors, 0 left on base; Quad Cities 2 - Lake County 2
BOTTOM OF THE 4TH
Lake County Captains batting - Pitching for Quad Cities River Bandits : RHP Jayson Campbell
Batting: RHB Danny Millsaps 0-0: Ball
1-0: Ball
2-0: Ball
3-0: Called Strike
3-1: Fly out, F6 (Popup, 5D, EV 71.9 MPH)
Batting: LHB Danny Moreno 0-0: Hit by Pitch
Batting: LHB Ubbe de Bruin 0-0: Called Strike
0-1: Reached on error, E6 (Groundball, 6, EV 107.5 MPH)
Danny Moreno to second
Batting: LHB Tim Fuller 0-0: Ball
1-0: Ball
2-0: Ground out 6-3 (Groundball, 4MS, EV 86.9 MPH)
Danny Moreno to third
Ubbe de Bruin to second
Batting: LHB Yasuo Igarashi 0-0: Called Strike
0-1: Foul Ball, location: 2F
0-2: Ground out 4-3 (Groundball, 34, EV 103.8 MPH)
Bottom of the 4th over - 0 runs, 0 hits, 1 error, 2 left on base; Quad Cities 2 - Lake County 2
TOP OF THE 5TH
Quad Cities River Bandits batting - Pitching for Lake County Captains : RHP Eugene Stott
Batting: RHB Steve Moore 0-0: Ball
1-0: Called Strike
1-1: Foul Ball, location: 2F
1-2: Strikes out swinging
Batting: LHB Kelvin Jones 0-0: Ball
1-0: Called Strike
1-1: Ball
2-1: Called Strike
2-2: Strikes out swinging
Batting: LHB Dylan LaRose 0-0: Called Strike
0-1: Foul Ball, location: 2F
0-2: Ball
1-2: Strikes out swinging
Top of the 5th over - 0 runs, 0 hits, 0 errors, 0 left on base; Quad Cities 2 - Lake County 2
BOTTOM OF THE 5TH
Lake County Captains batting - Pitching for Quad Cities River Bandits : RHP Jayson Campbell
Batting: LHB Justin Rankin 0-0: Ball
1-0: Ground out 4-3 (Groundball, 4, EV 88.1 MPH)
Batting: SHB Charlie Diesel 0-0: Called Strike
0-1: Ball
1-1: Ball
2-1: Ball
3-1: Base on Balls
Batting: RHB Adrian Martinelli 0-0: Ball
1-0: Called Strike
1-1: Fly out, F9 (Flyball, 89S, EV 79.4 MPH)
Batting: SHB Travis Burnett 0-0: Ball
1-0: Ball
2-0: Ball
3-0: Base on Balls
Charlie Diesel to second
Batting: RHB Danny Millsaps 0-0: Called Strike
0-1: Ball
1-1: DOUBLE (Line Drive, 7LS, EV 103.8 MPH)
Charlie Diesel scores
Travis Burnett to third
Batting: LHB Danny Moreno 0-0: Ball
1-0: Called Strike
1-1: Ball
2-1: Fly out, F9 (Flyball, 89M, EV 87.5 MPH)
Bottom of the 5th over - 1 run, 1 hit, 0 errors, 2 left on base; Quad Cities 2 - Lake County 3
TOP OF THE 6TH
Quad Cities River Bandits batting - Pitching for Lake County Captains : RHP Eugene Stott
Batting: LHB Doug Anderson 0-0: Foul Ball, location: 2F
0-1: Ball
1-1: Ball
2-1: Ball
3-1: Swinging Strike
3-2: Ground out 6-3 (Groundball, 6, EV 108.1 MPH)
Batting: RHB Pete Isley 0-0: Ball
1-0: Called Strike
1-1: Ground out 1-3 (Groundball, 34S, EV 69.4 MPH)
Batting: RHB Raul Sanchez 0-0: Called Strike
0-1: Ball
1-1: DOUBLE (Line Drive, 7LS, EV 108.8 MPH)
Batting: SHB Paskar Adegoke 0-0: Ball
1-0: Ball
2-0: Ball
3-0: Base on Balls
Batting: RHB Jamie Jennings 0-0: Called Strike
0-1: Called Strike
0-2: Strikes out looking
Top of the 6th over - 0 runs, 1 hit, 0 errors, 2 left on base; Quad Cities 2 - Lake County 3
BOTTOM OF THE 6TH
Lake County Captains batting - Pitching for Quad Cities River Bandits : RHP Jayson Campbell
Pitching: RHP Justin Coney
Batting: LHB Ubbe de Bruin 0-0: Ball
1-0: Ball
2-0: Ball
3-0: Called Strike
3-1: Base on Balls
Batting: LHB Tim Fuller 0-0: Called Strike
0-1: Ball
1-1: Called Strike
1-2: Foul Ball, location: 2F
1-2: Foul Ball, location: 2F
1-2: Fly out, F8 (Flyball, 89S, EV 94.4 MPH)
Batting: LHB Yasuo Igarashi 0-0: Ball
1-0: Ball
2-0: Ball
3-0: Called Strike
3-1: Base on Balls
Ubbe de Bruin to second
Batting: LHB Justin Rankin 0-0: Ball
1-0: DOUBLE (Groundball, 3L, EV 101.9 MPH)
Ubbe de Bruin scores
Yasuo Igarashi to third
Batting: SHB Charlie Diesel 0-0: Intentional Walk
Batting: RHB Adrian Martinelli 0-0: Grounds into fielders choice 5-2 (Groundball, 56S, EV 70.0 MPH)
Justin Rankin to third
Charlie Diesel to second
Batting: SHB Travis Burnett 0-0: Ball
1-0: Ball
2-0: Called Strike
2-1: Swinging Strike
2-2: Ball
3-2: Base on Balls
Justin Rankin scores
Charlie Diesel to third
Adrian Martinelli to second
Batting: RHB Danny Millsaps 0-0: Ball
1-0: Ground out U3 (Groundball, 34, EV 98.8 MPH)
Bottom of the 6th over - 2 runs, 1 hit, 0 errors, 3 left on base; Quad Cities 2 - Lake County 5
TOP OF THE 7TH
Quad Cities River Bandits batting - Pitching for Lake County Captains : RHP Eugene Stott
Pitching: RHP En-guo Tsu
Batting: RHB Colin Cranford 0-0: Foul Ball, location: 2F
0-1: Ball
1-1: Ball
2-1: Ground out 4-3 (Groundball, 4, EV 90.0 MPH)
Batting: RHB Steve Moore 0-0: Called Strike
0-1: Ball
1-1: Swinging Strike
1-2: Foul Ball, location: 2F
1-2: Strikes out swinging
Batting: LHB Kelvin Jones 0-0: DOUBLE (Flyball, 89D, EV 96.3 MPH)
Batting: LHB Dylan LaRose 0-0: SINGLE (Groundball, 34S, EV 68.8 MPH) (infield hit)
Kelvin Jones to third
Batting: LHB Doug Anderson 0-0: Ball
1-0: Foul Ball, location: 2F
1-1: Ball
2-1: Called Strike
Dylan LaRose steals 2nd base
2-2: Ball
3-2: Ground out 4-3 (Groundball, 4, EV 97.5 MPH)
Top of the 7th over - 0 runs, 2 hits, 0 errors, 2 left on base; Quad Cities 2 - Lake County 5
BOTTOM OF THE 7TH
Lake County Captains batting - Pitching for Quad Cities River Bandits : RHP Justin Coney
Pitching: RHP Ray Leuthauser
Batting: LHB Danny Moreno 0-0: Foul Ball, location: 2F
0-1: Swinging Strike
0-2: Foul Ball, location: 2F
0-2: Fly out, F5 (Popup, 5SF, EV 73.1 MPH)
Batting: LHB Ubbe de Bruin 0-0: Ball
1-0: Ball
2-0: Foul Ball, location: 2F
2-1: Called Strike
2-2: Ball
3-2: Base on Balls
Batting: LHB Tim Fuller 0-0: Called Strike
0-1: Foul Ball, location: 2F
0-2: DOUBLE (Line Drive, 8LXD, EV 109.4 MPH)
Ubbe de Bruin to third
Batting: LHB Yasuo Igarashi 0-0: Ball
1-0: Foul Ball, location: 2F
1-1: Swinging Strike
1-2: Ball
2-2: Foul Ball, location: 2F
2-2: DOUBLE (Groundball, 3D, EV 101.9 MPH)
Ubbe de Bruin scores
Tim Fuller scores
Batting: LHB Justin Rankin 0-0: Ball
1-0: Called Strike
1-1: Ball
2-1: Foul Ball, location: 2F
2-2: Ball
3-2: Base on Balls
Batting: SHB Charlie Diesel 0-0: Ball
1-0: Fielders Choice at 2nd, 4-6 (Groundball, 34, EV 105.0 MPH)
Yasuo Igarashi to third
Batting: RHB Adrian Martinelli 0-0: Called Strike
0-1: Swinging Strike
0-2: Ball
1-2: Ball
2-2: Ball
3-2: SINGLE (Line Drive, 34D, EV 100.0 MPH)
Yasuo Igarashi scores
Charlie Diesel to second
Charlie Diesel to third
Batting: SHB Travis Burnett 0-0: SINGLE (Groundball, 25, EV 64.4 MPH) (infield hit)
Charlie Diesel scores
Adrian Martinelli to second
Pitching: RHP Tim Watson
Batting: RHB Danny Millsaps 0-0: Foul Ball, location: 2F
0-1: Fly out, F5 (Popup, 5F, EV 83.1 MPH)
Bottom of the 7th over - 4 runs, 4 hits, 0 errors, 2 left on base; Quad Cities 2 - Lake County 9
TOP OF THE 8TH
Quad Cities River Bandits batting - Pitching for Lake County Captains : RHP En-guo Tsu
Batting: RHB Pete Isley 0-0: Foul Ball, location: 2F
0-1: Foul Ball, location: 2F
0-2: Strikes out swinging
Batting: RHB Raul Sanchez 0-0: Ball
1-0: Ground out 6-3 (Groundball, 6, EV 86.3 MPH)
Batting: SHB Paskar Adegoke 0-0: Fly out, F7 (Flyball, 7S, EV 88.8 MPH)
Top of the 8th over - 0 runs, 0 hits, 0 errors, 0 left on base; Quad Cities 2 - Lake County 9
BOTTOM OF THE 8TH
Lake County Captains batting - Pitching for Quad Cities River Bandits : RHP Tim Watson
Batting: LHB Danny Moreno 0-0: Fly out, F8 (Flyball, 8LM, EV 90.0 MPH)
Batting: LHB Ubbe de Bruin 0-0: Ground out 4-3 (Groundball, 4, EV 92.5 MPH)
Batting: LHB Tim Fuller 0-0: Swinging Strike
0-1: Foul Ball, location: 2F
0-2: Fly out, F9 (Line Drive, 9D, EV 89.4 MPH)
Bottom of the 8th over - 0 runs, 0 hits, 0 errors, 0 left on base; Quad Cities 2 - Lake County 9
TOP OF THE 9TH
Quad Cities River Bandits batting - Pitching for Lake County Captains : RHP En-guo Tsu
Batting: RHB Jamie Jennings 0-0: Ball
1-0: Swinging Strike
1-1: Swinging Strike
1-2: Foul Ball, location: 2F
1-2: Ball
2-2: Foul Ball, location: 2F
2-2: Foul Ball, location: 2F
2-2: Ground out 6-3 (Groundball, 6, EV 81.3 MPH)
Batting: RHB Colin Cranford 0-0: Swinging Strike
0-1: Foul Ball, location: 2F
0-2: Ball
1-2: Ball
2-2: Strikes out swinging
Batting: RHB Steve Moore 0-0: Ball
1-0: Ball
2-0: Swinging Strike
2-1: Foul Ball, location: 2F
2-2: Foul Ball, location: 2F
2-2: Foul Ball, location: 2F
2-2: Strikes out looking
Top of the 9th over - 0 runs, 0 hits, 0 errors, 0 left on base; Quad Cities 2 - Lake County 9
Thursday, March 31st , 2022 - OOTP Baseball 22.12 Build 89